 Dungeon Crawl Stone Soup version 0.20.1-1-g8b1a95d (console) character file.

17977 hilaritas the Spear-Bearer (level 12, -4/100 HPs)
             Began as a Merfolk Gladiator on Feb 12, 2018.
             Was the Champion of Okawaru.
             Slain by hilaritas's ghost (25 damage)
             ... on level 12 of the Dungeon.
             The game lasted 00:43:11 (13213 turns).

hilaritas the Spear-Bearer (Merfolk Gladiator)     Turns: 13213, Time: 00:43:12

Health: -4/100     AC: 17    Str: 27    XL:     12   Next: 53%
Magic:  1/19       EV: 30    Int:  7    God:    Okawaru [******]
Gold:   529        SH:  0    Dex: 21    Spells: 11/11 levels left

rFire    . . .     SeeInvis +   F - +0 glaive (flame)
rCold    . . .     Gourm    .   (shield currently unavailable)
rNeg     . . .     Faith    .   J - +2 ring mail {MR+}
rPois    .         Spirit   .   c - +1 helmet
rElec    .         Reflect  .   x - scarf {repulsion}
rCorr    .         Harm     .   a - +0 pair of gloves
MR       +....                  y - +2 pair of boots
Stlth    ++++......             (no amulet)
Regen    0.3/turn               l - +3 ring of strength
MPRegen  0.2/turn               v - ring of see invisible

@: mighty, agile, heroism, repel missiles
A: change form in water, swift swim, stealthy swim, blink, sturdy frame 1
a: Blink, Heroism, Finesse, Renounce Religion


You were on level 12 of the Dungeon.
You worshipped Okawaru.
Okawaru was exalted by your worship.
You were not hungry.

You visited 2 branches of the dungeon, and saw 13 of its levels.
You also visited: Sewer.

You collected 969 gold pieces.
You spent 440 gold pieces at shops.

Inventory:

Hand Weapons
 F - a +0 glaive of flaming (weapon)
 H - a +2 halberd of flaming
Missiles
 b - 26 tomahawks
 d - 2 throwing nets (quivered)
Armour
 a - a +0 pair of gloves (worn)
 c - a +1 helmet (worn)
 q - the +0 ring mail of the Pink Corner {rF- rN+ Dex-2 Slay+6}
   (You found it on level 5 of the Dungeon)

   It affects your dexterity (-2).
   It affects your accuracy and damage with ranged weapons and melee attacks
   (+6).
   It makes you vulnerable to fire.
   It protects you from negative energy.
 x - a scarf of repulsion (worn)
 y - a +2 pair of boots (worn)
 J - a +2 ring mail of magic resistance (worn)
Jewellery
 l - a +3 ring of strength (left hand)
 v - a ring of see invisible (right hand)
 G - an uncursed ring of magical power
Wands
 j - a wand of digging (9/24)
 w - a wand of confusion (47/48)
 I - a wand of disintegration (10/24)
 M - a wand of random effects (17/48)
 N - a wand of iceblast (5/15)
Scrolls
 k - 4 scrolls of teleportation
 n - 7 scrolls of amnesia
 s - 4 scrolls of enchant weapon
 z - 4 scrolls of remove curse
 C - 2 scrolls of enchant armour
 K - 2 scrolls of fear
Potions
 e - 6 potions of curing
 g - a potion of flight
 i - 2 potions of heal wounds
 o - 4 potions of mutation
 p - 5 potions of might
 r - 2 potions of resistance
 t - a potion of agility
 A - 2 potions of haste
 D - a potion of invisibility
 E - a potion of ambrosia
 L - a potion of lignification
Miscellaneous
 B - a sack of spiders
Comestibles
 f - 13 bread rations
 h - 18 fruits
 m - 6 royal jellies
 u - 7 meat rations
 O - 3 chunks of flesh


   Skills:
 + Level 11.2(16.2) Fighting
 + Level 14.3(19.3) Polearms
 - Level 2.0(7.0) Throwing
 - Level 6.1(11.1) Armour
 - Level 10.2(15.2) Dodging
 - Level 10.3 Invocations


You had 11 spell levels left.
You didn't know any spells.

Dungeon Overview and Level Annotations

Branches:
Dungeon (12/15)            Temple (1/1) D:5            Lair (0/6) D:10
    Orc (0/2) D:10

Altars:
Ashenzari
Cheibriados
Dithmenos
Elyvilon
Fedhas
Gozag
Hepliaklqana
Kikubaaqudgha
Makhleb
Nemelex Xobeh
Okawaru
Qazlal
Ru
Sif Muna
Trog
Uskayaw
Vehumet
Xom
Yredelemnul
Zin
The Shining One

Shops:
D:7 [(*   D:8 !   D:12 }

Annotations:
D:12 hilaritas's ghost, journeyman HOBe


Innate Abilities, Weirdness & Mutations

You revert to your normal form in water.
You are very nimble and swift while swimming.
You are very stealthy in the water. (Stealth+)
You can translocate small distances at will.
Your movements are slightly less encumbered by armour. (ER -2)


Message History

You slash hilaritas's ghost! You burn hilaritas's ghost.
Hilaritas's ghost is lightly damaged.
Hilaritas's ghost hits you!
You feel your power leaking away.
You hit hilaritas's ghost but do no damage.
Hilaritas's ghost is lightly damaged.
Hilaritas's ghost hits you!!
* * * LOW HITPOINT WARNING * * *
You feel your power leaking away.
Unknown command.
You feel much better. Hilaritas's ghost closely misses you.
You feel very mighty all of a sudden. Hilaritas's ghost hits you!
You feel agile all of a sudden.
Hilaritas's ghost completely misses you.
The centaur warrior skeleton misses you.
You hit hilaritas's ghost but do no damage.
Hilaritas's ghost is lightly damaged.
Hilaritas's ghost hits you!!
You die...

..........# #.#
#...# #.
..#######.# #.#
#...# #. ..#
#.# #...# #.
..# #.# #.#
#...########.
..# #.# #.#
#............
..# #.# #.#
#).########..
..# .# #.# #..#
#(. ..# #.#
#..# #.. ..#
.######.# #..#
#(.
...=..Z.####..#
#..
..>...W@.†....#
#..
........####..#
#.. .#####..#
#..# #.. #..#
#..# #.. #..#
#..# #.. #..#
#..# #.. #..#
#..# #.. #..#
..# #.. #.. #..
#..


You could see hilaritas's ghost and a centaur warrior skeleton.

Vanquished Creatures
  Erolcha (D:9)
  3 centaur warriors
  Erica (D:8)
  A two-headed ogre (D:8)
  A fire crab (shapeshifter) (D:11)
  2 unseen horrors
  An ugly thing (D:11)
  A deep elf mage (D:11)
  A cyclops (D:11)
  Psyche (D:11)
  A troll (D:12)
  A hornet (D:9)
  A hippogriff (D:7)
  A spriggan (D:9)
  Sigmund (D:3)
  3 wyverns
  9 yaks
  3 steam dragons (D:8)
  A water moccasin (D:9)
  4 orc warriors
  5 sky beasts
  2 ice beasts
  2 necrophages
  4 phantoms
  4 centaurs
  7 ogres
  A crocodile (D:12)
  A big kobold (D:7)
  7 bullfrogs
  A wyvern skeleton (D:12)
  2 scorpions
  18 wights
  4 howler monkeys
  4 crimson imps
  A bullfrog zombie (D:8)
  5 centaur zombies
  3 jellies
  2 quasits
  3 centaur skeletons
  6 hounds
  7 orc priests
  3 gnoll shamans
  25 orc wizards
  Crazy Yiuf (D:2)
  8 iguanas
  A bullfrog skeleton (D:4)
  10 worker ants
  3 hound zombies
  A worker ant zombie (D:10)
  21 gnolls
  19 adders
  7 river rats
  4 shadow imps
  An ooze (D:6)
  2 adder skeletons
  An adder zombie (D:9)
  3 worms
  3 dart slugs
  4 leopard geckos
  43 orcs
  6 ball pythons
  8 giant cockroaches
  9 goblins
  4 hobgoblins
  8 jackals
  5 quokkas
  11 bats
  9 frilled lizards
  A giant cockroach zombie (D:5)
  28 kobolds
  2 leopard gecko skeletons
  29 rats
  A plant (D:10)
408 creatures vanquished.

Vanquished Creatures (others)
  A shadow (D:11)
  A centaur (D:8)
  An orc (D:6)
3 creatures vanquished.

Grand Total: 411 creatures vanquished

Notes
Turn   | Place    | Note
-------+----------+-------------------------------------------
     0 | D:1      | hilaritas the Merfolk Gladiator began the quest for the Orb.
     0 | D:1      | Reached XP level 1. HP: 16/16 MP: 1/1
   198 | D:1      | Reached skill level 5 in Polearms
   217 | D:1      | Reached XP level 2. HP: 22/22 MP: 2/2
   726 | D:1      | Reached XP level 3. HP: 27/27 MP: 3/3
   750 | D:2      | Reached skill level 6 in Polearms
  1037 | D:2      | Reached XP level 4. HP: 27/34 MP: 4/4
  1171 | D:2      | You fall through a shaft for 2 floors!
  1177 | D:4      | Noticed an ogre
  1191 | D:4      | Killed an ogre
  1191 | D:4      | Reached skill level 8 in Polearms
  1191 | D:4      | Reached XP level 5. HP: 32/40 MP: 5/5
  1286 | D:4      | Noticed a phantom
  1309 | D:4      | Killed a phantom
  1309 | D:4      | Reached skill level 9 in Polearms
  1309 | D:4      | Reached XP level 6. HP: 31/47 MP: 6/6
  1544 | D:4      | Reached skill level 10 in Polearms
  1688 | D:4      | Reached XP level 7. HP: 52/52 MP: 7/7
  1954 | D:5      | Entered Level 5 of the Dungeon
  1990 | D:5      | Got a faintly glowing ring mail
  2001 | D:5      | Identified the cursed +0 ring mail of the Pink Corner {rF- rN+ Dex-2 Slay+6} (You found it on level 5 of the Dungeon)
  2061 | D:5      | Reached skill level 5 in Fighting
  2756 | D:5      | Found a staircase to the Ecumenical Temple.
  2766 | Temple   | Entered the Ecumenical Temple
  2810 | Temple   | Became a worshipper of Warmaster Okawaru
  2967 | D:5      | Reached skill level 1 in Invocations
  2967 | D:5      | Reached XP level 8. HP: 64/64 MP: 8/8
  3040 | D:6      | Found a glowing drain.
  3052 | D:6      | Reached skill level 5 in Dodging
  3057 | Sewer    | Entered a sewer
  4095 | D:6      | Found a hazy altar of Hepliaklqana.
  4110 | D:6      | Reached * piety under Okawaru
  4491 | D:6      | Found a hide-covered altar of Uskayaw.
  4492 | D:6      | Found a sparkling altar of Nemelex Xobeh.
  5089 | D:7      | Noticed a wyvern
  5108 | D:7      | Killed a wyvern
  5108 | D:7      | Reached XP level 9. HP: 63/75 MP: 11/11
  5185 | D:7      | Reached ** piety under Okawaru
  5620 | D:7      | Found a stormy altar of Qazlal.
  5779 | D:7      | Found a shadowy altar of Dithmenos.
  5928 | D:7      | Found Qurug's Weapon Boutique.
  5964 | D:7      | Found Wiydia Soxo's General Store.
  5967 | D:7      | Bought an uncursed ring of see invisible for 195 gold pieces
  5967 | D:7      | Bought a scroll of identify for 26 gold pieces
  5977 | D:7      | Found Heoss's Armour Shoppe.
  5998 | D:7      | Reached skill level 10 in Fighting
  6139 | D:7      | Reached *** piety under Okawaru
  7282 | D:3      | Noticed Sigmund
  7288 | D:3      | Killed Sigmund
  7288 | D:3      | Reached skill level 1 in Armour
  7288 | D:3      | Reached XP level 10. HP: 85/85 MP: 13/13
  7293 | D:3      | Gained mutation: Your movements are slightly less encumbered by armour. (ER -2) [potion of mutation]
  7293 | D:3      | Gained mutation: You can translocate small distances at will. [potion of mutation]
  7422 | D:2      | Found a runed door.
  7506 | D:2      | Noticed Crazy Yiuf
  7511 | D:2      | Killed Crazy Yiuf
  7639 | D:8      | Reached skill level 10 in Dodging
  7651 | D:8      | Reached skill level 5 in Invocations
  7868 | D:8      | Received a gift from Okawaru
  7872 | D:8      | Noticed Erica
  7893 | D:8      | Killed Erica
  7893 | D:8      | Reached **** piety under Okawaru
  8333 | D:7      | Bought a +0 glaive of flaming for 219 gold pieces
  8444 | D:8      | Noticed a two-headed ogre
  8453 | D:8      | Killed a two-headed ogre
  8951 | D:8      | Found Alaqu's Distillery.
  9100 | D:9      | Noticed Erolcha
  9112 | D:9      | Killed Erolcha
  9112 | D:9      | Reached ***** piety under Okawaru
  9112 | D:9      | Reached skill level 5 in Armour
  9112 | D:9      | Reached XP level 11. HP: 37/90 MP: 13/16
  9733 | D:9      | Noticed a centaur warrior
  9751 | D:9      | Killed a centaur warrior
  9751 | D:9      | Received a gift from Okawaru
 10360 | D:10     | Entered Level 10 of the Dungeon
 10373 | D:10     | Found a staircase to the Orcish Mines.
 10970 | D:10     | Noticed a centaur warrior
 10980 | D:10     | Killed a centaur warrior
 10980 | D:10     | Reached skill level 10 in Invocations
 11235 | D:10     | Found a staircase to the Lair.
 11336 | D:10     | Noticed an unseen horror
 11346 | D:10     | Killed an unseen horror
 11346 | D:10     | Reached skill level 11 in Polearms
 11707 | D:11     | Noticed a brown ugly thing
 11728 | D:11     | Killed a brown ugly thing
 11728 | D:11     | Reached skill level 12 in Polearms
 11728 | D:11     | Reached XP level 12. HP: 42/98 MP: 17/19
 12128 | D:11     | Noticed a centaur warrior
 12142 | D:11     | Killed a centaur warrior
 12142 | D:11     | Reached ****** piety under Okawaru
 12142 | D:11     | Reached skill level 13 in Polearms
 12350 | D:11     | Noticed Psyche
 12353 | D:11     | Received a gift from Okawaru
 12376 | D:11     | Killed Psyche
 12734 | D:12     | Found Wousait's Quality Used Wands.
 13024 | D:12     | Reached skill level 14 in Polearms
 13201 | D:12     | Noticed hilaritas's ghost (journeyman HOBe)
 13213 | D:12     | Slain by hilaritas's ghost

Skill      XL: |  1  2  3  4  5  6  7  8  9 10 11 12 |
---------------+-------------------------------------+-----
Polearms       | 5 6 8 9 10 12 14 | 14.3
Fighting       | 3 6 8 10 11 | 11.2
Invocations    | 1 3 4 7 10 | 10.3
Dodging        | 6 9 10 | 10.2
Armour         | 1 5 6 |  6.1
Throwing       | |  2.0

Action                   |  1- 3 |  4- 6 |  7- 9 | 10-12 || total
-------------------------+-------+-------+-------+-------++-------
Melee: Trident           |   122 |    65 |   703 |   139 ||  1029
       Tailslap          |       |       |     1 |       ||     1
       Glaive            |       |       |       |   499 ||   499
       Unarmed           |       |       |       |     9 ||     9
Throw: Throwing net      |       |     1 |       |     1 ||     2
Invok: Heroism           |       |       |     1 |     6 ||     7
  Use: Scroll            |     7 |     1 |    10 |     9 ||    27
       Potion            |       |       |     2 |     8 ||    10
 Stab: Sleeping          |     1 |       |       |       ||     1
       Distracted        |       |       |       |     1 ||     1
       Invisible         |       |       |       |     1 ||     1
  Eat: Chunk             |     1 |     2 |    18 |    20 ||    41
Armor: Leather armour    |    13 |       |       |       ||    13
       Ring mail         |     3 |     5 |   117 |   155 ||   280
Dodge: Dodged            |    81 |    18 |   290 |   478 ||   867
       Deflected         |       |       |     1 |     9 ||    10
